 Dungeon Crawl Stone Soup version 0.17.1-3-g152610e (webtiles) character file.

5725 juanjsm the Covert (level 10, -5/51 HPs)
             Began as a Spriggan Enchanter on Apr 3, 2016.
             Was a Priest of Ashenzari.
             Slain by Maud
             ... wielding a +2 eveningstar of draining
              (17 damage)
             ... on level 10 of the Dungeon.
             The game lasted 00:57:58 (8332 turns).

juanjsm the Covert (Spriggan Enchanter)             Turns: 8332, Time: 00:58:04

Health: -5/51      AC:  4    Str:  4    XL:     10   Next: 48%
Magic:  21/23      EV: 22    Int: 19    God:    Ashenzari [***...]
Gold:   428        SH:  7    Dex: 18    Spells: 4 memorised, 16 levels left

rFire  + . .     SeeInvis +     a - +1 dagger
rCold  x . .     Clarity  .     b - +1 robe (curse)
rNeg   . . .     SustAt   .     s - +0 buckler (curse)
rPois  +         Gourm    .     (helmet restricted)
rElec  +         Spirit   .     v - +0 cloak
rCorr  .         Warding  .     (gloves unavailable)
rMut   .         Stasis   .     (boots unavailable)
MR     +....                    k - amulet of Disaster {Faith *Confuse rElec rPois}
Stlth  +++++.....               R - ring of flight
                                o - ring of fire (curse)

@: drained, very quick, somewhat resistant to hostile enchantments, quite
stealthy
A: unfitting armour, see invisible, herbivore 3, speed 3, slow metabolism 2
a: Scrying, Renounce Religion, Evoke Flight


You were on level 10 of the Dungeon.
You worshipped Ashenzari.
Ashenzari was most pleased with you.
You were hungry.

You visited 2 branches of the dungeon, and saw 11 of its levels.
You also visited: Sewer.

You collected 622 gold pieces.
You spent 194 gold pieces at shops.

Inventory:

Hand Weapons
 a - a +1 dagger (weapon)
 B - a +2 whip of pain
Armour
 b - a cursed +1 robe (worn)
 s - a cursed +0 buckler (worn)
 v - a +0 cloak (worn)
 y - a +1 robe of magic resistance
 I - a +1 hat
Jewellery
 k - the amulet of Disaster (around neck) {Faith *Confuse rElec rPois}
   (You found it on level 5 of the Dungeon)

   [amulet of faith]

   It allows you to gain divine favour quickly.
   It insulates you from electricity.
   It protects you from poison.
   It may confuse you when you take damage.
 o - a cursed ring of fire (left hand)
 F - an uncursed amulet of resist mutation
 R - a ring of flight (right hand)
 U - an uncursed ring of wizardry
Wands
 r - a wand of disintegration (13)
 u - a wand of polymorph (11)
 x - a wand of frost (24)
 G - a wand of digging (14)
 J - a wand of flame (33)
 T - a wand of teleportation (4)
Scrolls
 h - 6 scrolls of enchant weapon {unknown}
 i - 3 scrolls of immolation {unknown}
 l - 3 scrolls of recharging {unknown}
 m - 15 scrolls of identify
 p - a scroll of enchant armour {unknown}
 q - 8 scrolls of fog {unknown}
 w - 6 scrolls of remove curse
 A - 2 scrolls of fear {unknown}
 E - 3 scrolls of vulnerability {unknown}
 H - a scroll of teleportation {unknown}
Potions
 e - 7 potions of curing
 f - a potion of lignification {unknown}
 g - 4 potions of might {unknown}
 j - 4 potions of flight {unknown}
 n - a potion of agility {unknown}
 t - a potion of heal wounds {unknown}
 z - a potion of berserk rage {unknown}
 C - 5 potions of brilliance {unknown}
 D - 2 potions of magic {unknown}
 K - a potion of cure mutation {unknown}
 L - a potion of mutation {unknown}
 N - a potion of resistance {unknown}
 O - a potion of haste {unknown}
 P - a potion of invisibility {unknown}
Books
 c - a book of Maledictions

   Spells                             Type                      Level
   a - Corona                         Hexes                        1
   b - Ensorcelled Hibernation        Hexes/Ice                    2
   c - Confuse                        Hexes                        3
   d - Tukima's Dance                 Hexes                        3
   e - Dazzling Spray                 Conjuration/Hexes            3
 M - a book of Frost

   Spells                             Type                      Level
   a - Freeze                         Ice                          1
   b - Throw Frost                    Conjuration/Ice              2
   c - Ozocubu's Armour               Charms/Ice                   3
   d - Throw Icicle                   Conjuration/Ice              4
   e - Summon Ice Beast               Ice/Summoning                4
   f - Condensation Shield            Ice                          4
Comestibles
 d - 9 bread rations
 Q - a royal jelly
 S - 7 slices of pizza
 V - 4 fruits


   Skills:
 * Level 5.3(4.4) Fighting
 + Level 3.3(2.4) Short Blades
 + Level 7.5(6.5) Dodging
 + Level 11.8(10.7) Stealth
 * Level 4.2(5.1) Shields
 + Level 8.1(7.1) Spellcasting
 + Level 0.1(0.0) Conjurations
 + Level 7.8(6.9) Hexes
 + Level 2.6(1.8) Ice Magic


You had 16 spell levels left.
You knew the following spells:

 Your Spells              Type           Power        Failure   Level  Hunger
a - Corona                Hex            ####...      1%          1    None
b - Ensorcelled Hibernat  Hex/Ice        ##....       2%          2    None
c - Confuse               Hex            ####....     1%          3    #......
d - Dazzling Spray        Conj/Hex       ###.....     10%         3    #......


Dungeon Overview and Level Annotations

Branches:
Dungeon (10/15)            Temple (1/1) D:4            Lair (0/8) D:10
    Orc: D:9-12

Altars:
Ashenzari
Cheibriados
Dithmenos
Elyvilon
Fedhas
Gozag
Kikubaaqudgha
Makhleb
Nemelex Xobeh
Okawaru
Qazlal
Ru
Sif Muna
Trog
Vehumet
Xom
Yredelemnul
Zin
The Shining One

Shops:
D:4 =!![*

Annotations:
D:3 cada's ghost, amateur OpFi
D:4 Tobisume's ghost, amateur DsFi
D:8 azaza322's ghost, novice GrFi
D:10 Maud


Innate Abilities, Weirdness & Mutations

You are tiny and cannot use many weapons and most armour.
You have supernaturally acute eyesight.
You are a herbivore.
You cover ground extremely quickly.
You need consume almost no food.


Message History

You hit Maud but do no damage.
Maud is lightly wounded.
Maud hits you with an eveningstar of draining.
You feel drained.
You hit Maud but do no damage.
Maud is lightly wounded.
You block Maud's attack.
You closely miss Maud.
Maud is lightly wounded.
You hit Maud but do no damage.
Maud is lightly wounded.
You block Maud's attack.
You hit Maud but do no damage.
Maud is lightly wounded.
Maud is no longer blind.
Maud hits you with an eveningstar of draining!!!
Ouch! That really hurt!
* * * LOW HITPOINT WARNING * * *
You feel drained.
You die...

#......########### *
#......########### ...
#......'..........
...######......###########
,
........................#
,
.........................
, #....#####.........##.#
#....#####.........##.#
+....@@..'.........'... ,
#....#####.........##.# ,
.......{.# #.........##.#
###......# #.........##.#
#.o....# #.........##.# *
#......# #.........##..
#..(.@.# ############## *
#....... *, , * , ,
........, * *, , ,


You could see Maud and an orc priest (wandering).

Vanquished Creatures
  A hill giant (D:7)
  Pikel (D:5)
  Grinder (D:5)
  Prince Ribbit (D:6)
  Sigmund (D:6)
  A human (D:9)
  Eustachio (D:4)
  2 hippogriffs (D:8)
  A hungry ghost (D:9)
  A steam dragon (D:9)
  Edmund (D:5)
  2 black bears
  3 sky beasts
  2 ice beasts
  3 ogres
  2 centaurs
  3 big kobolds (Sewer)
  3 giant frogs
  Blork the orc (D:4)
  A wyvern skeleton (D:10)
  A scorpion (D:4)
  7 killer bees
  8 wights (D:6)
  A centaur zombie (D:6)
  A giant frog zombie (D:8)
  7 crimson imps
  5 hounds
  A jelly (D:5)
  An orc wizard (D:4)
  2 giant frog skeletons (D:8)
  4 worker ants
  4 sheep (D:9)
  2 killer bee zombies
  2 hound zombies
  A worker ant zombie (D:7)
  Robin (D:4)
  A gnoll (D:3)
  13 adders
  A river rat (D:6)
  2 shadow imps
  An ooze (D:3)
  An adder skeleton (D:4)
  4 worms
  9 giant geckos
  10 orcs
  3 ball pythons
  10 bats
  8 giant cockroaches
  11 hobgoblins
  13 jackals
  A giant gecko skeleton (D:7)
  6 giant newts
  19 goblins
  8 kobolds
  5 quokkas
  A quokka skeleton (D:8)
  A quokka zombie (D:8)
  9 rats
217 creatures vanquished.

Notes
Turn   | Place    | Note
--------------------------------------------------------------
     0 | D:1      | juanjsm the Spriggan Enchanter began the quest for the Orb.
     0 | D:1      | Reached XP level 1. HP: 9/9 MP: 5/5
   282 | D:1      | Reached XP level 2. HP: 11/13 MP: 6/6
   286 | D:1      | Learned a level 2 spell: Ensorcelled Hibernation
   770 | D:2      | Reached skill level 5 in Stealth
   928 | D:2      | Reached XP level 3. HP: 17/17 MP: 1/8
   933 | D:2      | Learned a level 3 spell: Confuse
  1096 | D:2      | Reached skill level 1 in Fighting
  1497 | D:3      | Reached XP level 4. HP: 20/22 MP: 2/9
  1510 | D:3      | Found a glowing golden altar of the Shining One.
  1512 | D:3      | Found a shimmering altar of Xom.
  1515 | D:3      | Found a snail-covered altar of Cheibriados.
  1521 | D:3      | Noticed a giant frog
  1565 | D:3      | Found a shattered altar of Ashenzari.
  1570 | D:3      | Became a worshipper of Ashenzari the Shackled
  1655 | D:3      | Killed a giant frog
  1655 | D:3      | Reached skill level 6 in Stealth
  1655 | D:3      | Reached skill level 1 in Ice Magic
  1655 | D:3      | Reached XP level 5. HP: 19/25 MP: 1/11
  1733 | D:3      | Learned a level 3 spell: Dazzling Spray
  1961 | D:3      | Noticed cada's ghost (amateur OpFi)
  2512 | D:4      | Found Guiriex's General Store.
  2512 | D:4      | Noticed Blork the orc
  2515 | D:4      | Killed Blork the orc
  2515 | D:4      | Reached XP level 6. HP: 28/30 MP: 9/12
  2529 | D:4      | Bought a scroll of identify for 22 gold pieces
  2529 | D:4      | Bought a scroll of remove curse for 33 gold pieces
  2529 | D:4      | Bought a scroll of identify for 22 gold pieces
  2529 | D:4      | Bought a bread ration for 55 gold pieces
  2783 | D:4      | Found Wick's Antique Armour Emporium.
  2785 | D:4      | Reached skill level 7 in Stealth
  2799 | D:4      | Found a staircase to the Ecumenical Temple.
  2804 | D:4      | Noticed Tobisume's ghost (amateur DsFi)
  3091 | D:4      | Noticed Robin
  3102 | Temple   | Entered the Ecumenical Temple
  3489 | D:4      | Found Fafar's Jewellery Shop.
  3516 | D:4      | Found Hicinyni's Distillery.
  3524 | D:4      | Bought a potion of curing for 39 gold pieces
  3524 | D:4      | Bought a potion of degeneration for 13 gold pieces
  3638 | D:4      | Killed Robin
  3713 | D:4      | Found Xuoqisot's Distillery.
  3718 | D:4      | Bought a potion of poison for 10 gold pieces
  3905 | D:4      | Noticed Eustachio
  3910 | D:4      | Killed Eustachio
  3910 | D:4      | Reached skill level 1 in Shields
  3910 | D:4      | Reached XP level 7. HP: 35/35 MP: 8/14
  3913 | D:4      | Found a sacrificial altar of Ru.
  3914 | D:4      | Found a sparkling altar of Nemelex Xobeh.
  3959 | D:5      | Entered Level 5 of the Dungeon
  3959 | D:5      | Noticed Pikel
  3977 | D:5      | Killed Pikel
  3977 | D:5      | Reached skill level 5 in Dodging
  3977 | D:5      | Reached skill level 8 in Stealth
  3977 | D:5      | Reached skill level 5 in Hexes
  3977 | D:5      | Reached XP level 8. HP: 21/39 MP: 11/16
  4269 | D:5      | Noticed Edmund
  4283 | D:5      | Reached skill level 5 in Spellcasting
  4295 | D:5      | Killed Edmund
  4326 | D:5      | Reached * piety under Ashenzari
  4349 | D:5      | Identified the amulet of Disaster {Faith *Confuse rElec rPois}
  4731 | D:5      | Noticed Grinder
  4734 | D:5      | Killed Grinder
  4734 | D:5      | Reached skill level 9 in Stealth
  4837 | D:6      | Found a radiant altar of Vehumet.
  4891 | D:6      | Found a glowing drain.
  4895 | Sewer    | Entered a sewer
  4966 | Sewer    | Reached XP level 9. HP: 45/45 MP: 14/19
  5658 | D:6      | Noticed Prince Ribbit
  5662 | D:6      | Killed Prince Ribbit
  5662 | D:6      | Reached skill level 10 in Stealth
  5752 | D:6      | Noticed Sigmund
  5766 | D:6      | Killed Sigmund
  6008 | D:7      | Found a shadowy altar of Dithmenos.
  6139 | D:7      | Reached ** piety under Ashenzari
  6151 | D:7      | Noticed a hill giant
  6203 | D:7      | Killed a hill giant
  6549 | D:7      | Reached XP level 10. HP: 51/51 MP: 17/22
  6671 | D:8      | Reached skill level 11 in Stealth
  6880 | D:8      | Reached skill level 5 in Fighting
  6966 | D:8      | Noticed azaza322's ghost (novice GrFi)
  7417 | D:9      | Reached *** piety under Ashenzari
  8120 | D:10     | Entered Level 10 of the Dungeon
  8268 | D:10     | Found a staircase to the Lair.
  8319 | D:10     | Noticed Maud
  8332 | D:10     | Slain by Maud

Action                   |  1- 3 |  4- 6 |  7- 9 | 10-12 || total
-------------------------+-------+-------+-------+-------++-------
Melee: Dagger            |    67 |   224 |   274 |    90 ||   655
 Cast: Corona            |     5 |     1 |     1 |       ||     7
       Ensorcelled Hiber |    21 |    37 |    39 |    24 ||   121
       Confuse           |       |    10 |    34 |    18 ||    62
       Dazzling Spray    |       |     6 |     8 |     2 ||    16
  Use: Scroll            |       |       |     3 |       ||     3
 Stab: Sleeping          |    27 |    29 |    38 |    28 ||   122
       Confused          |       |     8 |    26 |    12 ||    46
       Invisible         |       |     2 |     1 |       ||     3
       Distracted        |       |     1 |       |       ||     1
  Eat: Royal jelly       |       |     1 |       |     1 ||     2
       Bread ration      |       |     1 |       |       ||     1
